 Dungeon Crawl Stone Soup version 0.17-a0-1731-g129c023 (webtiles) character file.

58 Goblin1989 the Scratcher (level 3, -2/15 HPs)
             Began as a Felid Transmuter on Aug 29, 2015.
             Engulfed by a cloud of flame (17 damage)
             ... on level 3 of the Dungeon.
             The game lasted 00:09:47 (1886 turns).

Goblin1989 the Scratcher (Felid Transmuter)         Turns: 1886, Time: 00:09:47

Health: -2/15      AC:  1    Str:  6    XL:     3   Next: 75%
Magic:  6/7        EV: 18    Int: 15    God:
Gold:   47         SH:  0    Dex: 16    Spells: 2 memorised, 3 levels left
                                        Lives:  0   Deaths: 0

rFire  . . .     SeeInvis +       - Unarmed
rCold  . . .     Clarity  .     (armour unavailable)
rNeg   . . .     SustAt   .     (shield unavailable)
rPois  .         Gourm    .     (helmet unavailable)
rElec  .         Spirit   .     (cloak unavailable)
rCorr  .         Warding  .     (gloves unavailable)
rMut   .         Stasis   .     (boots unavailable)
MR     .....                    (no amulet)
Stlth  +++.......               (no ring)
                                (no ring)

@: appendage, quick, not resistant to hostile enchantments, fairly stealthy
A: no armour, no weapons or thrown items, claws 1, fangs 3, horns 2, see
invisible, carnivore 3, speed 1, shaggy fur 1, slow metabolism 1, sharp paws
a: End Transformation


You were on level 3 of the Dungeon.
You were very full.
You had grown temporary horns.
You visited 1 branch of the dungeon, and saw 3 of its levels.

You collected 47 gold pieces.

Inventory:

Missiles
 a - 37 arrows
 q - 12 arrows of dispersal
Jewellery
 i - an uncursed ring of stealth {unknown}
Magical devices
 p - a wand of magic darts (24)
Scrolls
 d - 3 scrolls of blinking {unknown}
 e - 5 scrolls of identify {unknown}
 h - a scroll of recharging {unknown}
 j - a scroll of remove curse {unknown}
Potions
 f - 2 potions of curing {unknown}
 g - a potion of ambrosia {unknown}
 k - 2 potions of degeneration {unknown}
 m - a potion of poison {unknown}
 n - a potion of haste {unknown}
 o - a potion of brilliance {unknown}
Books
 b - a book of Changes

   Spells                             Type                      Level
   a - Beastly Appendage              Transmutation                1
   b - Sticks to Snakes               Transmutation                2
   c - Spider Form                    Transmutation/Poison         3
   d - Ice Form                       Ice/Transmutation            4
   e - Blade Hands                    Transmutation                5
Comestibles
 c - 2 meat rations
 l - a chunk of flesh


   Skills:
 - Level 1.0 Fighting
 - Level 2.6 Dodging
 + Level 2.7 Stealth
 * Level 4.2 Unarmed Combat
 - Level 2.0 Spellcasting
 - Level 2.1 Transmutations


You had 3 spell levels left.
You knew the following spells:

 Your Spells              Type           Power        Failure   Level  Hunger
a - Beastly Appendage     Trmt           #.....       12%         1    #......
b - Sticks to Snakes      Trmt           #.........   14%         2    ###....


Dungeon Overview and Level Annotations

Branches:
Dungeon (3/15)

Altars:
Zin


Innate Abilities, Weirdness & Mutations

You cannot wear armour.
You are incapable of wielding weapons or throwing items.
You have sharp claws.
You have razor-sharp teeth.
You have supernaturally acute eyesight.
You are carnivorous and can eat meat at any time.
You cover ground quickly.
You are covered in fur (AC +1).
You have a slow metabolism.
Your sharp claws are effective at attacking unaware monsters.
You have a pair of horns on your head.


Message History

You barely miss the kobold. Your headbutt misses the kobold.
The bat hits you but does no damage. The kobold misses you.
You closely miss the kobold. You headbutt the kobold.
You kill the kobold!
You claw the bat!
You kill the bat!
You see here a bat corpse.
Found three items.
Your transformation is almost over.
Found a flail and 5 gold pieces.
Really walk into a travel-excluded area?
Okay, then.
Your horns disappear.
Casting: Beastly Appendage
Confirm with . or Enter, or press ? or * to list all spells.
You grow a pair of large bovine horns.
Really walk into a travel-excluded area?
You are engulfed in roaring flames.
Ouch! That really hurt!
You die...

#.. ....... #.. .......#
# #......# §# #..
#......# §§# r..
#......#####...# ..##
##......§§§.$$.. #..#
##.......§§§.?...
#..#####.<......@§§.!)..
...........(...#####...#
.......###.†...# #
.......# ##....#
.......####.##[#
.....<.........#
#..#########.### #..# .#
# #### ## #


There were no monsters in sight!

Vanquished Creatures
  2 adders (D:2)
  5 bats
  3 giant cockroaches
  6 goblins
  7 hobgoblins
  3 giant newts
  5 kobolds
  2 rats
33 creatures vanquished.

Vanquished Creatures (collateral kills)
  A worm (D:3)
1 creature vanquished.

Vanquished Creatures (others)
  A rat (D:3)
1 creature vanquished.

Grand Total: 35 creatures vanquished

Notes
Turn   | Place    | Note
--------------------------------------------------------------
     0 | D:1      | Goblin1989 the Felid Transmuter began the quest for the Orb.
     0 | D:1      | Reached XP level 1. HP: 9/9 MP: 4/4
   380 | D:1      | Reached skill level 1 in Stealth
   416 | D:1      | Reached XP level 2. HP: 9/12 MP: 4/6
   565 | D:1      | Learned a level 2 spell: Sticks to Snakes
   887 | D:2      | Reached XP level 3. HP: 12/15 MP: 5/7
  1025 | D:2      | Noticed an angel
  1026 | D:2      | Found a glowing silver altar of Zin.
  1163 | D:2      | Reached skill level 4 in Unarmed Combat
  1490 | D:3      | Noticed a black bear
  1886 | D:3      | Engulfed by a cloud of flame

Vault maps used:
D:1:      lightli_arrival_lavapool
D:2:      zin_angel, st_stairs_7
D:3:      nicolae_overflow_hidden_temple, lemuel_flame_loot_1

Action                   || total
-------------------------++-------
Melee: Unarmed           ||    65
 Cast: Beastly Appendage ||    25
       Sticks to Snakes  ||     1
 Stab: Sleeping          ||     9
       Distracted        ||     1
  Eat: Chunk             ||     9
